 Dungeon Crawl Stone Soup version 0.31-a0-1074-g0b22e4e0f1 (webtiles) character file.

Game seed: 17406317175992715162

5952 IdlyInterested the Mimic (level 10, -6/70 (71) HPs)
             Began as a Demonspawn Shapeshifter on Dec 1, 2023.
             Mangled by a wight
             ... wielding a +0 great sword
              (17 damage)
             ... on level 9 of the Dungeon.
             The game lasted 00:36:48 (6567 turns).

IdlyInterested the Mimic (Demonspawn Shapeshifter)  Turns: 6567, Time: 00:36:48

HP:   -6/70 (71)    AC:  3    Str: 18 (19) XL:     10   Next: 54%
MP:   10/10         EV: 12    Int: 11 (12) God:
Gold: 1567          SH:  5    Dex: 12      Spells: 7/9 levels left

rFire   + . .        f - +8 short sword of Ashenzari, Gazing {drain, rPois rC++ rCorr Stlth-}
rCold   + + .        (no shield)
rNeg    . . .        t - +0 troll leather armour
rPois   +            U - melded +2 hat {Will+}
rElec   .            (cloak currently unavailable)
rCorr   +            v - melded +0 pair of gloves
SInv    .            (boots currently unavailable)
Will    .....        y - amulet of reflection Stlth
                     P - ring of protection from cold
HPRegen 1.11/turn    b - ring of fire
MPRegen 0.12/turn

%: reflection
@: beast-form, lightly drained
A: beast (slay +4), powered by death 2, spiny 3, weakness stinger 2
a: Begin Untransformation


You were on level 9 of the Dungeon.
You were a hulking beast.
You visited 2 branches of the dungeon, and saw 10 of its levels.
You also visited: Ossuary.

You collected 1567 gold pieces.

Inventory:

Hand Weapons
 f - the +8 short sword of Ashenzari, Gazing (weapon) {drain, rPois rC++ rCorr Stlth-}
   (You took it off an orc on level 4 of the Dungeon)

   rC++:      It greatly protects you from cold.
   rPois:     It protects you from poison rCorr: It protects you from acid and
   corrosion.
   Stlth-:    It makes you less stealthy.
 Q - a +3 vampiric short sword
Missiles
 j - 78 stones (quivered)
 k - 10 boomerangs
 l - 5 javelins
 s - 5 atropa-tipped darts
 u - 16 poisoned darts
 O - a curare-tipped dart
Armour
 t - a +0 troll leather armour (worn)
 v - a +0 pair of gloves (melded)
 E - a +0 robe of cold resistance
 R - a +0 robe of willpower
 T - the +0 plate armour "Efuss" {rC- Str+4 Dex+4}
   (You took it off an orc warrior on level 7 of the Dungeon)

   Str+4:     It affects your strength (+4).
   Dex+4:     It affects your dexterity (+4).
   rC-:       It makes you vulnerable to cold.
 U - a +2 hat of willpower (melded)
Magical Staves
 a - a staff of air
 G - a staff of poison
Jewellery
 b - a ring of fire (right hand)
 m - a ring of wizardry
 w - an amulet of magic regeneration
 y - an amulet of reflection (around neck)
 P - a ring of protection from cold (left hand)
Talismans
 c - a beast talisman (active)
 d - a flux talisman
 D - a maw talisman
Scrolls
 e - 2 scrolls of fog
 h - a scroll of vulnerability
 i - 2 scrolls of noise
 n - a scroll of revelation
 q - a scroll of blinking
 I - a scroll of poison
 J - 3 scrolls of teleportation
 K - 2 scrolls of brand weapon
 L - a scroll of amnesia
Potions
 g - a potion of resistance
 p - a potion of might
 r - 6 potions of curing
 A - 4 potions of brilliance
 C - 3 potions of enlightenment
 F - a potion of haste
 H - 2 potions of mutation
 M - a potion of heal wounds


   Skills:
 - Level 4.0 Fighting
 - Level 2.0 Throwing
 + Level 1.1 Armour
 - Level 4.0 Dodging
 - Level 1.0 Stealth
 - Level 6.0 Unarmed Combat
 * Level 11.6 Shapeshifting


You had 7 spell levels left.
You knew the following spells:

 Your Spells              Type           Power      Damage    Failure   Level
a - Passwall              Tmut/Erth      0%         N/A       54%         2

Your spell library contained the following spells:

 Spells                   Type           Power      Damage    Failure   Level
 Magic Dart               Conj           0%         1d3       38%         1
 Sandblast                Erth           0%         2d4       38%         1
 Searing Ray              Conj           0%         2d4       54%         2
 Dazzling Flash           Conj/Hex       0%         N/A       77%         3
 Frozen Ramparts          Ice            0%         1d1       77%         3
 Gell's Gravitas          Tloc           0%         N/A       77%         3
 Inner Flame              Hex/Fire       0%         N/A       77%         3
 Ozocubu's Armour         Ice            0%         N/A       77%         3
 Stone Arrow              Conj/Erth      0%         3d7       77%         3
 Teleport Other           Tloc           0%         N/A       77%         3
 Volatile Blastmotes      Fire/Tloc      0%         2d10      77%         3
 Brom's Barrelling Bould  Conj/Erth      0%         2d3       99%         4
 Flame Wave               Conj/Fire      0%         2d4       99%         4
 Fulminant Prism          Conj/Hex       0%         3d5       99%         4
 Iskenderun's Mystic Bla  Conj/Tloc      0%         2d3       99%         4
 Petrify                  Tmut/Erth      0%         N/A       99%         4
 Sticky Flame             Conj/Fire      0%         2d3       99%         4
 Agony                    Necr           0%         N/A       100%        5
 Metabolic Englaciation   Hex/Ice        0%         N/A       100%        5
 Silence                  Hex/Air        0%         N/A       100%        5
 Dispersal                Tloc           0%         N/A       100%        6
 Ozocubu's Refrigeration  Ice            0%         4d7       100%        7


Dungeon Overview and Level Annotations

Branches:
Dungeon (9/15)             Temple (1/1) D:4         Ossuary (visited)
   Lair: D:8-11         Orc: D:9-12

Altars:
Ashenzari
Cheibriados
Dithmenos
Fedhas
Gozag
Hepliaklqana
Kikubaaqudgha
Makhleb
Nemelex Xobeh
Okawaru
Qazlal
Ru
Sif Muna
Trog
Vehumet
Wu Jian
Xom
Yredelemnul

Shops:
D:2 (   D:5 :


Innate Abilities, Weirdness & Mutations

You are a hulking beast.
Your limbs bulge with bestial killing power. (Slay +4)
You regenerate health from kills.
You are completely covered in sharp spines.
You have a tail ending in a sharp stinger.


Message History

An orc warrior comes into view. It is wielding a +0 short sword.
You hit the wight.
The wight is almost destroyed.
The wight is struck by your spines.
You destroy the wight!
You hit the orc.
The orc is lightly wounded.
A wight comes into view. It is wielding a +0 great sword.
The orc closely misses you.
You closely miss the orc.
The orc is lightly wounded.
A wight comes into view. It is wielding a +3 battleaxe.
The orc is struck by your spines.
You kill the orc!
The orc warrior hits you with a +0 short sword!
A wight comes into view.
It is wielding a +2 great sword of freezing.
Items here: ( )) [ †.
You hit the orc. You drain the orc.
You kill the orc!
A killer bee comes into view.
The killer bee buzzes angrily.
You hit the two-headed ogre. You drain the two-headed ogre.
The two-headed ogre is lightly wounded.
The wight misses you.
You hit the two-headed ogre.
The two-headed ogre is lightly wounded.
The two-headed ogre is struck by your spines.
The two-headed ogre barely misses you. The two-headed ogre closely misses you.
The wight barely misses you.
You puncture the two-headed ogre! You drain the two-headed ogre.
The two-headed ogre is heavily wounded.
The wight hits you with a +0 great sword!
A wight comes into view. It is wielding a +2 hand axe.
The two-headed ogre hits you with a +0 giant club!!
The two-headed ogre hits you with a +0 dire flail!
* * * LOW HITPOINT WARNING * * *
You puncture the two-headed ogre!
The two-headed ogre is heavily wounded.
The wight hits you with a +0 great sword!
You die...

.........##..## #...........
..............# ##..........
.........####.###....[...#..
#######.### #.....#####..#..
#...# ###..........#.. #.#.#
#.#####...... #z#.# #.#
..#.[ #..z### #.# ##


#.yzzh# #.# . #.###O###.##.... #.##.o...†...... #.#..†##..##..(( # #.#....## .
#.#....# #.#....# . ###### # You could see a two-headed ogre (drained), an orc
warrior, a killer bee and 4 wights.

Vanquished Creatures
  The ghost of sigtrap the Blocker, a novice FoFi of Qazlal (D:7)
  2 trolls (D:9)
  Sigmund (D:2)
  A wraith (D:5)
  3 yaks (D:9)
  3 steam dragons
  Duvessa (D:4)
  2 water moccasins
  2 orc warriors
  2 ice beasts
  A sky beast (D:8)
  An ogre (D:4)
  3 black bears
  A centaur (D:7)
  A phantom (D:5)
  Blork the orc (D:6)
  2 kobold brigands (D:7)
  3 scorpions
  A gnoll sergeant (D:5)
  A bullfrog (D:7)
  9 wights
  Dowan (D:4)
  4 howler monkeys
  6 hounds
  3 jellies
  4 orc priests
  4 gnoll boudas
  4 iguanas
  Natasha (thrice) (D:3)
  6 orc wizards
  12 mummies (Ossuary)
  18 gnolls
  9 adders
  A white imp (D:6)
  2 ufetubi (D:6)
  2 worms
  2 dart slugs
  36 orcs
  5 endoplasms
  3 giant cockroaches
  5 goblins
  2 hobgoblins
  14 kobolds
  4 quokkas
  6 ball pythons
  3 bats
  2 frilled lizards (D:1)
  A gnoll skeleton (Ossuary)
  3 goblin skeletons (Ossuary)
  2 kobold skeletons (Ossuary)
  2 orc skeletons (Ossuary)
  2 rats
  11 rat skeletons (Ossuary)
224 creatures vanquished.

Notes
Turn   | Place    | Note
-------+----------+-------------------------------------------
     0 | D:1      | IdlyInterested the Demonspawn Shapeshifter began the quest
                  | for the Orb.
     0 | D:1      | Reached XP level 1. HP: 15/15 MP: 1/1
   220 | D:1      | Reached skill level 3 in Shapeshifting
   263 | D:1      | Gained mutation: You regenerate a little health from kills.
                  | [demonic ancestry]
   263 | D:1      | Reached XP level 2. HP: 21/21 MP: 2/2
   650 | D:2      | Noticed Sigmund
   660 | D:2      | HP: 1/21 [Sigmund/puff of flame (12)]
   663 | D:2      | Killed Sigmund
   664 | D:2      | Reached skill level 4 in Shapeshifting
   664 | D:2      | Gained mutation: You regenerate health from kills. [demonic
                  | ancestry]
   664 | D:2      | Reached XP level 3. HP: 27/27 MP: 3/3
   664 | D:2      | Reached XP level 4. HP: 33/33 MP: 4/4
   664 | D:2      | Gained mutation: You are partially covered in sharp spines.
                  | [demonic ancestry]
   664 | D:2      | Reached XP level 5. HP: 38/38 MP: 5/5
   702 | D:2      | Found Huczoser's Antique Weapon Boutique.
  1247 | D:3      | Reached skill level 5 in Shapeshifting
  1287 | D:3      | Found a radiant altar of Vehumet.
  1356 | D:3      | Noticed Natasha
  1363 | D:3      | Killed Natasha
  1366 | D:3      | Noticed Natasha
  1371 | D:3      | Killed Natasha
  1372 | D:3      | Gained mutation: You are mostly covered in sharp spines.
                  | [demonic ancestry]
  1372 | D:3      | Reached XP level 6. HP: 44/44 MP: 6/6
  1584 | D:3      | Noticed Natasha
  1591 | D:3      | Killed Natasha
  1592 | D:3      | Reached skill level 1 in Armour
  1947 | D:4      | Reached skill level 1 in Throwing
  1952 | D:4      | Identified the +8 short sword of Ashenzari, Gazing {drain,
                  | rPois rC++ rCorr Stlth-}
  1954 | D:4      | Noticed Dowan
  1955 | D:4      | Noticed Duvessa
  1965 | D:4      | Killed Dowan
  1982 | D:4      | Killed Duvessa
  1983 | D:4      | Reached skill level 1 in Stealth
  1983 | D:4      | Reached skill level 6 in Shapeshifting
  1983 | D:4      | Reached XP level 7. HP: 19/50 MP: 7/7
  2101 | D:4      | Found a staircase to the Ecumenical Temple.
  2137 | Temple   | Entered the Ecumenical Temple
  2143 | D:4      | You fall into a shaft and drop 1 floor!
  2143 | D:5      | Entered Level 5 of the Dungeon
  2143 | D:5      | Found Suittui's Book Boutique.
  2174 | D:5      | Found a stormy altar of Qazlal.
  2360 | D:4      | Reached skill level 7 in Shapeshifting
  2652 | D:5      | Gained mutation: You are completely covered in sharp
                  | spines. [demonic ancestry]
  2652 | D:5      | Reached XP level 8. HP: 37/56 MP: 8/8
  2833 | D:5      | Reached skill level 8 in Shapeshifting
  2840 | D:5      | Reached skill level 5 in Unarmed Combat
  3125 | D:6      | Gained mutation: You have a small tail. [demonic ancestry]
  3125 | D:6      | Reached XP level 9. HP: 61/61 MP: 9/9
  3267 | D:6      | Noticed Blork the orc
  3274 | D:6      | Killed Blork the orc
  3275 | D:6      | Reached skill level 9 in Shapeshifting
  3443 | D:6      | Learned a level 2 spell: Passwall
  4041 | D:7      | Found a hazy altar of Hepliaklqana.
  4094 | D:7      | Found a sand-covered staircase.
  4102 | Ossuary  | Entered an ossuary
  4495 | D:7      | Identified the +0 plate armour "Efuss" {rC- Str+4 Dex+4}
  4500 | D:7      | Found a runed translucent gate.
  4500 | D:7      | Noticed sigtrap's ghost (novice FoFi)
  4501 | D:7      | Found a runed translucent gate.
  4502 | D:7      | Found a runed translucent gate.
  4587 | D:7      | Reached skill level 10 in Shapeshifting
  4677 | D:7      | Found a bloodstained altar of Trog.
  4927 | D:7      | Found an ornate altar of the Wu Jian Council.
  4930 | D:7      | Found a basalt altar of Yredelemnul.
  4936 | D:7      | Found a blossoming altar of Fedhas.
  4939 | D:7      | Found a snail-covered altar of Cheibriados.
  5317 | D:7      | Killed sigtrap's ghost
  5318 | D:7      | Gained mutation: You have a tail ending in a sharp stinger.
                  | [demonic ancestry]
  5318 | D:7      | Reached XP level 10. HP: 30/71 MP: 10/10
  5478 | D:8      | Identified a scroll of acquirement
  5485 | D:8      | Gained mutation: Your spells are a little harder to cast,
                  | but a little more powerful. [potion of mutation]
  5485 | D:8      | Lost mutation: Your spells are a little harder to cast, but
                  | a little more powerful. [potion of mutation]
  5488 | D:8      | Acquired 981 gold pieces
  6305 | D:9      | Reached skill level 11 in Shapeshifting
  6552 | D:9      | Noticed a two-headed ogre
  6567 | D:9      | Mangled by a wight

Illustrated notes

Levels and vault maps discovered:
D:1:      wheals_arrival_shading, layout_basic
D:2:      layout_rooms, serial_shops, nicolae_shop_waterfront, uniq_sigmund
D:3:      layout_basic, lemuel_round_altar, uniq_natasha
D:4:      layout_basic, minmay_temple_entry_large_hall, serial_glass,
          glass_columns_a, glass_columns_c, item_on_display_a,
          due_unseen_surprise, minmay_strange_pillars, item_on_display_a,
          uniq_duvessa
D:5:      layout_rooms, grunt_qazlal_clouds, serial_shops,
          nicolae_shop_tiny_glass, serial_bayou_pond_b, minmay_misc_feat_rugged
D:6:      layout_rooms, chequers_serial_rivers_room_a, uniq_blork_the_orc
D:7:      layout_basic, nicolae_hepliaklqana_hazy_memory,
          nicolae_overflow_hallway_of_the_gods, biasface_ghost_orc_armoury,
          nicolae_ossuary_entry_plus, hex_large
D:8:      layout_basic
D:9:      layout_rooms, minivault_5, st_stairs_5
Temple:   hc_temple_tempest_star

Skill      XL: |  1  2  3  4  5  6  7  8  9 10 |
---------------+-------------------------------+-----
Shapeshifting  | 3 4 5 6 7 8 10 11 | 11.6
Unarmed Combat | 3 4 5 6 |  6.0
Fighting       | 2 4 |  4.0
Dodging        | 2 4 |  4.0
Armour         | 1 |  1.1
Throwing       | 1 2 |  2.0
Stealth        | 1 |  1.0

Action                     |  1- 3 |  4- 6 |  7- 9 | 10-12 || total
---------------------------+-------+-------+-------+-------++-------
  Melee: Unarmed           |    45 |    77 |   119 |    11 ||   252
         Punch             |     1 |     3 |     7 |     2 ||    13
         Short sword       |       |       |   138 |    82 ||   220
         Tailslap          |       |       |    27 |    13 ||    40
  Throw: Stone             |       |     3 |     5 |     6 ||    14
         Dart              |       |       |     2 |     3 ||     5
   Cast: Passwall          |       |       |     6 |       ||     6
    Use: Potion            |     2 |     4 |     4 |     5 ||    15
         Scroll            |       |     2 |     1 |    11 ||    14
   Stab: Sleeping          |     1 |       |       |       ||     1
 Armour: Animal skin       |     3 |       |       |       ||     3
         Scale mail        |    22 |    38 |    73 |       ||   133
         Skin              |     4 |     1 |       |       ||     5
         Chain mail        |       |       |    86 |     8 ||    94
         Plate armour      |       |       |       |    73 ||    73
         Troll leather arm |       |       |       |    20 ||    20
  Dodge: Dodged            |    24 |    32 |    83 |    38 ||   177
  Block: Other             |       |       |    49 |    21 ||    70
         Reflection        |       |       |     1 |       ||     1
         Form:             |     1 |       |     3 |     1 ||     5
         Beast             |     1 |       |     3 |     1 ||     5
         Flux              |     1 |       |       |       ||     1

Table legend: (Time is in decaauts)
 A = Elapsed time spent in this place.
 B = Non-inter-level travel time spent in this place.
 C = Inter-level travel time spent in this place.
 D = Time resting spent in this place.
 E = Time spent auto-exploring this place.
 F = Levels seen in this place.
 G = Mean time per level.
                   A        B        C        D        E       F      G
               +--------+--------+--------+--------+--------+-----+--------+
         Total |   6517 |   5828 |    689 |    162 |   3433 |  11 |  592.5 |
       Dungeon |   6179 |   5490 |    689 |    121 |   3433 |   9 |  686.6 |
        Temple |      1 |      1 |      0 |      0 |      0 |   1 |    1.0 |
       Ossuary |    336 |    336 |      0 |     41 |      0 |   1 |  336.0 |
               +--------+--------+--------+--------+--------+-----+--------+

Top non-repeatable levels by time:
     D:7: 1076 daAuts
     D:8: 815 daAuts
     D:5: 721 daAuts
     D:4: 688 daAuts
     D:3: 685 daAuts
     D:6: 655 daAuts
     D:1: 635 daAuts
     D:2: 623 daAuts
 Ossuary: 336 daAuts
     D:9: 277 daAuts
  Temple: 1 daAuts
